Map: [ESL] Solaris

Players

Classic

  • Race: Protoss Protoss
  • Spawn Location: 1:00

Spirit (souL) - Winner!

  • Race: Terran Terran
  • League: Master
  • Spawn Location: 7:00

Event: IEM Katowice 2024

VOD

Have the link to the VOD?

Description

Time

  • Played on: Dec. 8, 2023, 4 p.m.
  • Length: 10:41

All games in this series

Show
View Real Time Build Order
Export as new Build Order

Classic Protoss 

Build Orders: 1 Gate Expand, Phoenix Opening, Colossus Rush 

Get SALT Encoding   

  12  0:00  Probe  
  13  0:12  Probe  
  14  0:18  Pylon  
  14  0:24  Probe  
  15  0:36  Gateway  
  15  0:38  Probe (Chrono Boost)  
  16  0:47  Assimilator, Probe (Chrono Boost)  
  17  0:52  Probe (Chrono Boost)  
  19  1:04  Probe  
  19  1:16  Probe  
  20  1:23  Cybernetics Core  
  20  1:33  Nexus  
  20  1:40  Pylon  
  20  1:43  Probe  
  21  1:50  Assimilator  
  21  1:55  Probe  
  21  1:57  Adept (Chrono Boost)  
  24  2:08  Probe  
  25  2:19  Adept  
  25  2:20  Probe  
  28  2:26  Stargate  
  28  2:31  Warp Gate  
  28  2:32  Probe (Chrono Boost)  
  29  2:43  Probe (Chrono Boost)  
  30  2:48  Probe (Chrono Boost)  
  31  2:55  Adept  
  31  2:57  Probe (Chrono Boost)  
  34  2:58  Probe (Chrono Boost)  
  33  3:05  Probe  
  33  3:07  Shield Battery  
  33  3:09  Probe  
  33  3:10  Phoenix (Chrono Boost)  
  37  3:18  Robotics Facility  
  37  3:19  Probe  
  38  3:21  Probe  
  38  3:25  Stalker  
  41  3:32  Gateway  
  41  3:33  Probe  
  42  3:34  Probe  
  42  3:38  Pylon  
  43  3:43  Phoenix  
  46  3:49  Probe  
  46  3:51  Assimilator  
  46  3:54  Assimilator  
  46  3:58  Probe  
  46  4:00  Pylon  
  46  4:01  Probe  
  49  4:13  Probe x2 (Chrono Boost), Robotics Bay  
  50  4:23  Observer (Chrono Boost), Probe (Chrono Boost)  
  53  4:25  Probe (Chrono Boost)  
  53  4:28  Probe (Chrono Boost)  
  53  4:29  Pylon  
  54  4:34  Probe  
  54  4:36  Immortal (Chrono Boost)  
  59  4:40  Probe  
  59  4:41  Stalker  
  62  4:45  Pylon  
  62  4:48  Stalker  
  64  4:59  Nexus, Observer  
  64  5:03  Observer  
  64  5:05  Colossus (Chrono Boost)  
  70  5:16  Extended Thermal Lance  
  70  5:19  Probe, Pylon  
  70  5:20  Probe  
  72  5:28  Twilight Council  
  72  5:30  Forge  
  72  5:32  Probe x2  
  74  5:36  Sentry  
  76  5:42  Shield Battery  
  76  5:44  Probe x2  
  76  5:47  Colossus (Chrono Boost)  
  84  5:57  Pylon, Probe x2  
  84  6:01  Charge  
  84  6:02  Gateway  
  86  6:07  Gateway, Protoss Ground Weapons Level 1 (Chrono Boost)  
  85  6:13  Probe  
  85  6:15  Probe  
  85  6:16  Probe  
  88  6:21  Sentry, Zealot  
  88  6:24  Pylon  
  92  6:26  Probe  
  92  6:27  Probe  
  92  6:32  Gateway  
  94  6:34  Gateway  
  94  6:37  Observer  
  94  6:39  Gateway  
  95  6:42  Gateway  
  95  6:45  Pylon  
  95  6:48  Probe x3  
  95  6:53  Zealot x2  
  102  6:57  Pylon  
  102  7:00  Zealot  
  104  7:04  Shield Battery  
  104  7:06  Immortal (Chrono Boost)  
  104  7:07  Templar Archives  
  104  7:11  Phoenix  
  104  7:15  Pylon  
  110  7:18  Pylon  
  110  7:24  Pylon  
  110  7:25  Zealot x3  
  116  7:31  Zealot  
  118  7:38  Pylon  
  118  7:40  Probe x3, Assimilator, Pylon  
  118  7:41  Pylon  
  121  7:44  Assimilator  
  121  7:46  Observer (Chrono Boost)  
  121  7:49  Pylon  
  121  7:50  Zealot x2  
  126  7:52  Probe x3  
  127  8:04  Probe x3  
  130  8:10  Protoss Ground Weapons Level 2, Blink  
  130  8:13  Fleet Beacon  
  130  8:17  Observer  
  130  8:22  Stargate  
  130  8:26  Photon Cannon  
  130  8:30  Pylon  
  130  8:37  Zealot x6  
  130  8:38  Zealot x2  
  146  8:50  Nexus  
  146  8:55  Carrier (Chrono Boost)  
  146  9:00  Pylon  
  146  9:03  Carrier (Chrono Boost)  
  154  9:23  Disruptor (Chrono Boost)  
  146  9:28  Zealot x7  
  122  9:49  Disruptor (Chrono Boost)  
  122  9:52  Stalker x7  
  138  9:55  Stalker  
  124  10:17  Zealot x5  
  116  10:22  Zealot x2  
  116  10:28  Zealot  
Show
View Real Time Build Order
Export as new Build Order

Spirit Terran - Winner!

Build Orders: Cyclone Opening 

Get SALT Encoding   

  12  0:00  SCV  
  13  0:12  SCV  
  14  0:17  Supply Depot  
  14  0:24  SCV  
  15  0:38  SCV  
  15  0:39  Barracks  
  16  0:45  Refinery  
  16  0:50  SCV  
  17  1:02  SCV  
  18  1:14  SCV  
  19  1:26  Marine  
  19  1:27  Orbital Command  
  20  1:39  Command Center  
  20  1:44  Reaper  
  21  1:52  Supply Depot  
  21  1:53  SCV  
  22  2:05  SCV  
  22  2:07  Factory  
  23  2:16  Marine  
  23  2:18  SCV  
  25  2:30  SCV  
  25  2:35  Command Center  
  26  2:39  Barracks Reactor  
  26  2:42  SCV  
  29  2:51  Cyclone  
  29  2:54  SCV  
  30  2:58  Orbital Command  
  30  3:08  Bunker  
  30  3:09  SCV  
  31  3:15  Marine x2  
  33  3:21  SCV  
  33  3:23  Cyclone  
  33  3:24  SCV  
  37  3:33  SCV, Marine x2  
  40  3:36  SCV  
  40  3:38  Refinery  
  41  3:45  SCV  
  41  3:46  Barracks  
  42  3:49  Barracks  
  42  3:51  Marine x2  
  42  3:53  Orbital Command  
  44  3:56  Factory Tech Lab  
  44  3:57  SCV  
  44  4:00  SCV  
  46  4:07  Supply Depot  
  46  4:09  Marine  
  46  4:10  SCV  
  46  4:12  SCV  
  48  4:19  SCV  
  48  4:22  Factory Reactor, SCV  
  50  4:24  SCV, Starport  
  50  4:26  Marine, Refinery  
  50  4:27  Marine  
  50  4:31  SCV  
  54  4:34  SCV  
  54  4:36  Barracks Tech Lab, SCV  
  54  4:38  Refinery  
  56  4:42  Barracks  
  56  4:43  Marine  
  56  4:44  Barracks  
  57  4:46  SCV  
  57  4:48  SCV  
  57  4:49  SCV  
  57  4:51  Marine  
  61  4:53  Stimpack  
  61  4:58  SCV  
  61  4:59  Combat Shield  
  62  5:01  SCV, Marauder  
  62  5:05  SCV  
  66  5:08  Factory Reactor, Supply Depot  
  66  5:11  Supply Depot  
  66  5:12  Engineering Bay  
  66  5:15  Engineering Bay  
  66  5:17  SCV  
  66  5:19  Orbital Command, Marine x2  
  69  5:23  Supply Depot  
  69  5:29  SCV x2, Medivac  
  69  5:30  Medivac  
  69  5:33  Barracks Tech Lab  
  77  5:35  Marauder  
  77  5:39  Terran Infantry Weapons Level 1  
  77  5:41  SCV  
  77  5:42  Terran Infantry Armor Level 1  
  78  5:46  Missile Turret  
  78  5:49  Missile Turret, SCV x2  
  80  5:52  Barracks Reactor  
  80  5:53  Concussive Shells  
  80  5:54  SCV  
  81  5:57  Supply Depot  
  81  5:59  Supply Depot  
  81  6:01  SCV  
  81  6:03  Medivac  
  84  6:06  Bunker  
  84  6:07  SCV x2  
  86  6:11  Medivac  
  86  6:12  Widow Mine  
  86  6:13  SCV  
  86  6:17  Supply Depot, Marauder  
  93  6:19  Marauder  
  93  6:20  Marauder  
  93  6:22  SCV x2  
  93  6:25  SCV  
  100  6:31  Widow Mine  
  102  6:34  SCV  
  102  6:37  Armory  
  102  6:38  Marauder  
  102  6:39  SCV, Widow Mine  
  109  6:40  SCV  
  109  6:42  Supply Depot, Marine  
  109  6:43  Marauder  
  109  6:45  Supply Depot  
  112  6:49  Refinery  
  112  6:50  Refinery  
  112  6:52  Widow Mine  
  114  6:55  SCV  
  114  6:56  Ghost Academy  
  114  6:57  Marauder  
  117  7:04  Widow Mine, Marauder, Marine  
  117  7:06  Supply Depot x2  
  117  7:07  SCV  
  117  7:08  Supply Depot, Marauder  
  125  7:12  Medivac, SCV  
  125  7:13  SCV  
  128  7:17  Marine  
  128  7:19  SCV, Marauder  
  132  7:24  SCV  
  132  7:27  Marine  
  132  7:28  Marauder, SCV  
  132  7:29  Marauder  
  139  7:31  Supply Depot  
  139  7:32  SCV  
  139  7:35  Marine  
  140  7:39  Ghost  
  140  7:40  Terran Infantry Weapons Level 2  
  141  7:47  Marine, Supply Depot x2  
  141  7:48  Ghost  
  141  7:50  Ghost  
  146  7:53  SCV, Marine  
  146  7:55  Marine  
  147  8:03  Widow Mine x2  
  147  8:06  Viking, Command Center, Supply Depot  
  147  8:07  Viking  
  147  8:08  Ghost  
  153  8:14  Marine  
  153  8:17  Marine  
  153  8:18  Missile Turret  
  155  8:23  Ghost  
  155  8:24  Widow Mine x2, Supply Depot, Marine  
  155  8:25  Marine  
  155  8:26  Marauder  
  165  8:29  Supply Depot  
  165  8:32  Marine  
  165  8:35  Viking, Marine, Supply Depot  
  165  8:37  Marauder  
  165  8:38  Viking  
  172  8:41  Marine  
  172  8:45  SCV x2  
  172  8:47  Marauder, Marine  
  178  8:50  Sensor Tower  
  178  8:52  Marauder  
  180  8:59  Marauder  
  180  9:00  Starport  
  180  9:02  Marine, SCV x2  
  185  9:03  Marine  
  185  9:06  SCV  
  185  9:08  Marauder  
  187  9:11  Marine  
  187  9:12  Marine  
  187  9:14  Marauder  
  188  9:17  Viking  
  188  9:20  Marine, Marauder, SCV x2  
  188  9:21  Viking, Marine  
  195  9:29  Marine  
  195  9:30  Marauder, Marine  
  197  9:34  Ghost  
  197  9:35  SCV  
  197  9:38  Viking, Marine  
  200  9:54  Missile Turret  
  200  9:55  Starport  
  200  9:56  Sensor Tower  
  193  10:07  Viking  
  171  10:15  Marauder, Marine  
  171  10:17  Marauder, Marine  

Tags
 
Add a new tag
Caveats
  • Supply blocks, unpowered buildings, or Contaminate may cause inaccurate times.
  • Supply counts are checked every 10 seconds.